 Dungeon Crawl Stone Soup version 0.28-a0-706-gf6f64a616a (webtiles) character file.

Game seed: 2441549147327703079

1291 ytrimaz the Covered (level 8, 0/96 HPs)
             Began as a Formicid Fighter on Oct 24, 2021.
             Slain by an orc warrior (17 damage)
             ... on level 6 of the Dungeon.
             The game lasted 00:08:14 (5526 turns).

ytrimaz the Covered (Formicid Fighter)              Turns: 5526, Time: 00:08:14

Health: 0/96       AC: 24    Str: 30    XL:     8   Next: 86%
Magic:  8/8        EV:  2    Int:  7    God:
Gold:   331        SH:  4    Dex: 10    Spells: 7/7 levels left

rFire   . . .      SeeInvis .   g - +1 dagger (venom)
rCold   . . .      Faith    .   c - +0 buckler
rNeg    . . .      Spirit   .   (armour currently unavailable)
rPois   +          Reflect  .   (helmet unavailable)
rElec   .          Harm     .   (cloak currently unavailable)
rCorr   .          Rampage  .   (gloves currently unavailable)
Will    +....                   (boots currently unavailable)
Stlth   +.........              (no amulet)
HPRegen 0.26/turn               w - ring of willpower
MPRegen 0.11/turn               u - +6 ring of strength

@: tree-form
A: stationary, stasis, torment immunity, boosted hp, permanent stasis, dig
shafts and tunnels, (antennae 3), four strong arms
a: no special abilities


You were on level 6 of the Dungeon.
You were a tree.
You visited 1 branch of the dungeon, and saw 6 of its levels.

You collected 331 gold pieces.

Inventory:

Hand Weapons
 a - a +0 war axe
 g - a +1 dagger of venom (weapon)
Armour
 b - a +0 scale mail (melded)
 c - a +0 buckler (worn)
Jewellery
 p - a ring of protection from cold
 u - a +6 ring of strength (right branch)
 w - a ring of willpower (left branch)
Wands
 m - a wand of mindburst (10)
 q - a wand of polymorph (9)
Scrolls
 j - a scroll of magic mapping {unknown}
 k - a scroll of immolation
 n - a scroll of noise
 o - 2 scrolls of vulnerability
 r - 3 scrolls of silence
 v - a scroll of summoning
 y - 2 scrolls of enchant armour
Potions
 d - 2 potions of might
 e - 3 potions of curing {unknown}
 f - a potion of brilliance
 h - a potion of magic {unknown}
 i - a potion of lignification
 l - 2 potions of degeneration {unknown}
 s - a potion of cancellation {unknown}
 t - a potion of resistance {unknown}
 x - a potion of mutation {unknown}
 A - a potion of attraction {unknown}


   Skills:
 + Level 6.1 Fighting
 * Level 5.7 Short Blades
 - Level 2.2 Axes
 + Level 7.8 Armour
 - Level 3.6 Shields
 + Level 0.6 Evocations


You had 7 spell levels left.
You didn't know any spells.
Your spell library contained the following spells:

 Spells                   Type           Power      Damage    Failure   Level
 Beastly Appendage        Tmut           0%         N/A       43%         1
 Sublimation of Blood     Necr           0%         N/A       56%         2
 Wereblood                Tmut           0%         N/A       56%         2
 Spider Form              Tmut/Pois      0%         N/A       80%         3
 Summon Hydra             Summ           0%         N/A       100%        7


Dungeon Overview and Level Annotations

Branches:
Dungeon (6/15)
 Temple: D:4-7

Altars:
Yredelemnul

Shops:
D:1 =   D:2 [

Annotations:
D:6 7 runed translucent doors, BongJabbar's ghost, amateur BaIE


Innate Abilities, Weirdness & Mutations

You are a tree.
Your roots penetrate the ground, keeping you stationary.
You cannot be teleported.
You are immune to unholy pain and torment.
Your maximum health is greatly increased.
Your equipment is partially melded.
You cannot be hasted, slowed, berserked, paralysed or teleported.
You can dig through walls and to a lower floor.
((You have a pair of large antennae on your head. (SInv)))
Your four strong arms can wield two-handed weapons with a shield.


Message History

The orc warrior hits you with a +0 battleaxe!
You hit the orc warrior.
The orc warrior is lightly wounded.
You hit the orc warrior but do no damage.
The orc warrior is poisoned.
The orc warrior is lightly wounded.
You block the orc warrior's attack.
You barely miss the orc warrior.
The orc warrior is lightly wounded.
The orc warrior hits you with a +0 battleaxe!
You hit the orc warrior.
The orc warrior looks as sick as possible!
The orc warrior is moderately wounded.
You hit the orc warrior but do no damage.
The orc warrior looks as sick as possible!
The orc warrior is heavily wounded.
The orc warrior hits you with a +0 battleaxe!
You barely miss the orc warrior.
The orc warrior is heavily wounded.
The orc warrior hits you with a +0 battleaxe!
* * * LOW HITPOINT WARNING * * *
Really quaff the potion of lignification?
You turn into a tree.
Your +0 scale mail melds into your body.
Your roots penetrate the ground.
The orc warrior hits you with a +0 battleaxe.
* * * LOW HITPOINT WARNING * * *
Unknown command.
You hit the orc warrior but do no damage.
The orc warrior looks as sick as possible!
The orc warrior is severely wounded.
You hit the orc warrior.
The orc warrior looks as sick as possible!
The orc warrior is severely wounded.
The orc warrior hits you but does no damage.
You hit the orc warrior.
The orc warrior looks as sick as possible!
The orc warrior is almost dead.
The orc warrior hits you with a +0 battleaxe!
You die...

###..##......>......#....
##.....####.##......##....
#.......#....#..#..##.....
###.........##...#....###.
##.#......?......... #.#
###).o......... ....
#....{KK...... .#..
#.##.##oK...... ##.
#....#♣#{...... ..
...o.###....##. ...
#....## ...## ). #....
...# ## ....^ ..## ##..
#..... ###.# ########...
....##..#..#K.#.
...........#8K#.
##.....#...#KK#K


You could see an orc warrior (extremely poisoned) and 3 kobolds.

Vanquished Creatures
  Sigmund (D:2)
  A water moccasin (D:5)
  An ice beast (D:3)
  2 ogres (D:5)
  2 phantoms
  A kobold brigand (D:6)
  2 scorpions (D:5)
  A centaur zombie (D:6)
  An orc priest (D:5)
  A centaur skeleton (D:6)
  3 iguanas
  An orc wizard (D:6)
  A scorpion zombie (D:5)
  Robin (D:3)
  9 adders
  A shadow imp (D:6)
  A white imp (D:5)
  2 dart slugs
  11 orcs
  4 endoplasms (D:2)
  6 giant cockroaches
  10 goblins
  7 hobgoblins
  3 jackals (D:5)
  12 kobolds
  A quokka (D:1)
  6 ball pythons
  4 bats (D:3)
  3 frilled lizards
  4 rats
103 creatures vanquished.

Vanquished Creatures (others)
  6 fungi
  2 plants
8 creatures vanquished.

Grand Total: 111 creatures vanquished

Notes
Turn   | Place    | Note
-------+----------+-------------------------------------------
     0 | D:1      | ytrimaz the Formicid Fighter began the quest for the Orb.
     0 | D:1      | Reached XP level 1. HP: 18/18 MP: 1/1
    18 | D:1      | Found Cejax's Jewellery Emporium.
   217 | D:1      | Reached XP level 2. HP: 24/24 MP: 2/2
   741 | D:2      | Noticed Sigmund
   759 | D:2      | Killed Sigmund
   760 | D:2      | Reached skill level 4 in Armour
   760 | D:2      | Reached XP level 3. HP: 13/31 MP: 3/3
   760 | D:2      | Reached XP level 4. HP: 17/38 MP: 4/4
   760 | D:2      | Reached XP level 5. HP: 19/43 MP: 5/5
   949 | D:2      | Found a faded altar of an unknown god.
  1122 | D:2      | Found Yhascho's Armour Shop.
  1164 | D:2      | Reached XP level 6. HP: 50/50 MP: 6/6
  1794 | D:3      | Reached skill level 5 in Armour
  1816 | D:3      | Reached skill level 5 in Fighting
  1828 | D:3      | Noticed Robin
  1842 | D:3      | Killed Robin
  2180 | D:3      | Found a basalt altar of Yredelemnul.
  2298 | D:3      | Noticed an ice beast
  2318 | D:3      | Killed an ice beast
  2319 | D:3      | Reached XP level 7. HP: 48/56 MP: 7/7
  3498 | D:5      | Entered Level 5 of the Dungeon
  3532 | D:5      | Reached skill level 6 in Armour
  3999 | D:4      | Reached XP level 8. HP: 42/63 MP: 8/8
  4144 | D:5      | Reached skill level 7 in Armour
  4427 | D:5      | Reached skill level 5 in Short Blades
  4897 | D:6      | Found a large runed translucent door.
  4898 | D:6      | Found a large runed translucent door.
  4901 | D:6      | Noticed a two-headed ogre
  4906 | D:6      | Noticed a manticore
  4916 | D:6      | Found a runed translucent gate.
  4917 | D:6      | Found a runed translucent gate.
  4917 | D:6      | Found a runed translucent gate.
  5063 | D:6      | Noticed BongJabbar's ghost (amateur BaIE)
  5169 | D:6      | Found a large runed translucent door.
  5170 | D:6      | Found a large runed translucent door.
  5526 | D:6      | Slain by an orc warrior

Illustrated notes

Levels and vault maps discovered:
D:1:      minmay_arrival_stair_chambers, layout_basic, serial_shops, shop
D:2:      layout_basic, serial_shops, shop, shapermc_ecumenical_altar_acropolis,
          uniq_sigmund
D:3:      layout_basic, mainiacjoe_overflow_six_doors_small, uniq_robin
D:4:      layout_loops_ring, minmay_tree_intersection
D:5:      layout_cave_pools, minmay_misc_feat_cross
D:6:      layout_cave_pools, gammafunk_ghost_nasty_kobolds, glass_columns_b,
          minmay_hollow_rounded_squares

Skill      XL: |  1  2  3  4  5  6  7  8 |
---------------+-------------------------+-----
Fighting       | 4 5 6 |  6.1
Short Blades   | 2 3 4 5 |  5.7
Armour         | 4 5 6 7 |  7.8
Axes           | |  2.2
Shields        | |  3.6
Evocations     | |  0.6

Action                   |  1- 3 |  4- 6 |  7- 9 || total
-------------------------+-------+-------+-------++-------
Melee: War axe           |    29 |       |    10 ||    39
       Dagger            |     8 |   122 |   242 ||   372
 Abil: Dig               |       |       |     1 ||     1
Evoke: Wand              |       |     1 |     3 ||     4
  Use: Scroll            |       |     7 |     3 ||    10
       Potion            |       |       |     4 ||     4
Armor: Scale mail        |    24 |    53 |    97 ||   174
       Skin              |       |       |     1 ||     1
Dodge: Dodged            |    11 |    42 |   101 ||   154
Block: Buckler           |     3 |    27 |    46 ||    76

Table legend: (Time is in decaauts)
 A = Elapsed time spent in this place.
 B = Non-inter-level travel time spent in this place.
 C = Inter-level travel time spent in this place.
 D = Time resting spent in this place.
 E = Time spent auto-exploring this place.
 F = Levels seen in this place.
 G = Mean time per level.
                   A        B        C        D        E       F      G
               +--------+--------+--------+--------+--------+-----+--------+
         Total |   5468 |   5320 |    148 |    664 |   3573 |   6 |  911.3 |
       Dungeon |   5468 |   5320 |    148 |    664 |   3573 |   6 |  911.3 |
               +--------+--------+--------+--------+--------+-----+--------+

Top non-repeatable levels by time:
     D:5: 1048 daAuts
     D:4: 1031 daAuts
     D:2: 995 daAuts
     D:3: 918 daAuts
     D:6: 780 daAuts
     D:1: 694 daAuts
